 Dungeon Crawl Stone Soup version 0.30.0-16-gbe6223bb7e (webtiles) character file.

Game seed: 1316292525818116664

28 Sobieck the Magician (level 2, 0/15 HPs)
             Began as a Deep Elf Venom Mage on May 20, 2023.
             Succumbed to an adder's poison
             ... on level 2 of the Dungeon.
             The game lasted 00:02:01 (1073 turns).

Sobieck the Magician (Deep Elf Venom Mage)          Turns: 1073, Time: 00:02:01

Health: 0/15       AC:  2    Str:  5    XL:     2   Next: 96%
Magic:  5/9        EV: 12    Int: 19    God:
Gold:   69         SH:  0    Dex: 15    Spells: 6/9 levels left

rFire   . . .        s - +0 dagger (freeze) {short}
rCold   . . .        (no shield)
rNeg    . . .        a - +0 robe
rPois   .            (no helmet)
rElec   .            (no cloak)
rCorr   .            (no gloves)
SInv    .            (no boots)
Will    .....        (no amulet)
Stlth   ++           (no ring)
HPRegen 0.22/turn    (no ring)
MPRegen 0.11/turn

%: no passive effects
@: lethally poisoned (0 -> -5), invisible
A: no striking features
a: no special abilities


You were on level 2 of the Dungeon.
You visited 1 branch of the dungeon, and saw 2 of its levels.

You collected 69 gold pieces.


   Skills:
 - Level 2.4 Dodging
 - Level 2.4 Stealth
 + Level 4.1 Spellcasting
 - Level 1.1 Transmutations
 - Level 4.0 Poison Magic


You had 6 spell levels left.
You knew the following spells:

 Your Spells              Type           Power      Damage    Failure   Level
a - Sting                 Tmut/Pois      52%        1d5       4%          1
b - Poisonous Vapours     Pois/Air       22%        N/A       9%          2

Your spell library contained the following spells:

 Spells                   Type           Power      Damage    Failure   Level
 Mephitic Cloud           Conj/Pois/Air  8%         N/A       24%         3
 Olgreb's Toxic Radiance  Pois           19%        N/A       26%         4

Inventory:

Hand Weapons
 d - a +0 dagger {short}
   (You took it off a kobold on level 1 of the Dungeon)
 e - a +0 whip {mace}
   (You took it off a kobold on level 1 of the Dungeon)
 g - a +0 club {mace}
   (You took it off a goblin on level 1 of the Dungeon)
 s - a +0 dagger of freezing (weapon) {short}
   (You took it off a goblin on level 2 of the Dungeon)
Missiles
 l - 11 stones {throwing}
Armour
 a - a +0 robe (worn)
 k - a +0 leather armour
   (You found it on level 1 of the Dungeon)
 o - a +0 plate armour
   (You took it off a kobold on level 1 of the Dungeon)
 r - a +0 leather armour
   (You found it on level 1 of the Dungeon)
Jewellery
 j - a ring of resist corrosion
   (You found it on level 1 of the Dungeon)
 n - an amulet of guardian spirit
   (You took it off a goblin on level 1 of the Dungeon)
Scrolls
 c - a scroll of torment {unknown}
 h - a scroll of identify {unknown}
 i - a scroll of immolation {unknown}
 q - a scroll of noise {unknown}
 t - a scroll of blinking {unknown}
Potions
 b - a potion of magic
 f - a potion of invisibility
 m - a potion of flight {unknown}
 p - a potion of haste {unknown}

Dungeon Overview and Level Annotations

Branches:
Dungeon (2/15) Zot: 10928

Altars:

.#.#####...## .#.# ##.##
... ...# #.# .. .### #.#
.. .# ##+## ##. .#
##...## #.. .# ##.....##
#.# # ## ##.......###S#
..#
.####.........##@#....#
....+.........'..†....$.
.####.........##.#...###
## ##.......###.#...# #
##.....## #.. ..#
##.†.## ###.### ##'## .#
# #.# # ### #####.#


You could see an adder (unable to see you, very poisoned).


Message History

There is a stone staircase leading up here.
Unknown command.
Unknown command.
Unknown command.
A rat comes into view.
Danger!
A bat comes into view.
The sting hits the rat.
The rat is poisoned.
You kill the rat!
The sting hits the bat.
The bat is poisoned.
The bat closely misses you.
The sting hits the bat but does no damage.
The bat looks even sicker.
You kill the bat!
You see here a +0 mace {mace}.
A bat comes into view.
Danger!
The sting hits the bat.
The bat is poisoned.
You kill the bat!
Your Spellcasting skill increases to level 4!
A goblin comes into view. It is wielding a +0 dagger of freezing.
Danger!
The sting hits the goblin.
The goblin is poisoned.
You kill the goblin!
s - a +0 dagger of freezing {short} You see here a goblin corpse.
Your +0 dagger of freezing {short} glows with a cold blue light!
s - a +0 dagger of freezing (weapon)
{short}
t - a scroll labelled LAKHUT CYJAAL Unknown command.
You now have 69 gold pieces (gained 9).
As you open the door, it creaks loudly!
A hobgoblin comes into view.
The hobgoblin shouts!
Danger!
There is an open door here.
The sting hits the hobgoblin.
The hobgoblin is poisoned.
The sting hits the hobgoblin.
The hobgoblin looks even sicker.
A hobgoblin is nearby!
You barely miss the hobgoblin. The hobgoblin hits you.
You miscast Sting.
You are very lightly contaminated with residual magic.
Nothing appears to happen.
The hobgoblin hits you.
You are too injured to fight recklessly!
Unknown command.
The hobgoblin attacks as you move away! The hobgoblin hits you.
* * * LOW HITPOINT WARNING * * *
You kill the hobgoblin!
Training target 4.0 for Poison Magic reached!
Your Poison Magic skill increases to level 4!
You start resting.
Your magical contamination has completely faded away.
You start resting.
Unknown command.
You start resting.
Unknown command.
Unknown command.
Unknown command.
Unknown command.
Okay, then.
Unknown command.
There is an open door here.
You see here a hobgoblin corpse.
You open the door.
A bat comes into view.
Danger!
There is an open door here.
An adder comes into view.
The bat hits you but does no damage. x2
The sting hits the bat.
The bat is poisoned.
You kill the bat!
The adder hisses angrily.
The sting misses the adder.
The adder bites you.
You are poisoned.
The adder poisons you! The adder bites you.
You are lethally poisoned!
The adder poisons you!
Unknown command.
Casting: Sting (safe; 4% risk of failure)
Confirm with . or Enter, or press ? or * to list all spells.
Aiming: Sting (safe; 4% risk of failure)
Press: ? - help, Shift-Dir - straight line, f/p - adder
Aim: an adder (53% to hit)
The sting hits the adder.
The adder is poisoned.
* * * LOW HITPOINT WARNING * * *
You feel very sick. The adder bites you but does no damage.
Unknown command.
Casting: Sting (safe; 4% risk of failure)
Confirm with . or Enter, or press ? or * to list all spells.
Aiming: Sting (safe; 4% risk of failure)
Press: ? - help, Shift-Dir - straight line, f/p - adder
Aim: an adder (lightly wounded, poisoned, 53% to hit)
The sting hits the adder.
The adder looks even sicker.
* * * LOW HITPOINT WARNING * * *
You feel sick. The adder bites you.
* * * LOW HITPOINT WARNING * * *
Unknown command.
It was a potion of invisibility.
You fade into invisibility!
You die...

Skill      XL: |  1  2 |
---------------+-------+-----
Spellcasting   | 4 |  4.1
Poison Magic   | 4 |  4.0
Dodging        | |  2.4
Stealth        | |  2.4
Transmutations | |  1.1

Action                     || total
---------------------------++-------
  Melee: Dagger            ||     3
   Cast: Sting             ||    42
    Use: Potion            ||     1
 Armour: Robe              ||     3
  Dodge: Dodged            ||    13

Levels and vault maps discovered:
D:1:      dreamdust_arrival_sigmund_warning, layout_basic
D:2:      layout_loops_corners, amcnicky_mini_corridor_feature

Notes
Turn   | Place    | Note
-------+----------+-------------------------------------------
     0 | D:1      | Sobieck the Deep Elf Venom Mage began the quest for the
                  | Orb.
     0 | D:1      | Reached XP level 1. HP: 10/10 MP: 6/6
   230 | D:1      | Reached XP level 2. HP: 15/15 MP: 3/8
   872 | D:1      | Learned a level 2 spell: Poisonous Vapours
   940 | D:2      | Reached skill level 4 in Spellcasting
  1013 | D:2      | Reached skill level 4 in Poison Magic
  1072 | D:2      | HP: 2/15 [adder (2)]
  1073 | D:2      | Succumbed to an adder's poison

Vanquished Creatures
  4 endoplasms (D:1)
  A giant cockroach (D:1)
  2 hobgoblins
  3 jackals (D:1)
  3 kobolds (D:1)
  4 bats
  2 frilled lizards (D:1)
  3 goblins
  2 rats
24 creatures vanquished.

Table legend:
 A = Non-vault XP
 B = Vault XP
 C = Vault XP percentage of total XP
 D = Non-vault monster count
 E = Vault monster count
 F = Vault count percentage of total count
                 A         B        C        D         E       F
            +---------+---------+-------+---------+---------+-------
      Total |      40 |       0 |   0.0 |      24 |       0 |   0.0
            +---------+---------+-------+---------+---------+-------
        D:1 |      30 |       0 |   0.0 |      18 |       0 |   0.0
        D:2 |      10 |       0 |   0.0 |       6 |       0 |   0.0
            +---------+---------+-------+---------+---------+-------

Skill      XL: |  1  2 |
---------------+-------+-----
Spellcasting   | 4 |  4.1
Poison Magic   | 4 |  4.0
Dodging        | |  2.4
Stealth        | |  2.4
Transmutations | |  1.1

Action                     || total
---------------------------++-------
  Melee: Dagger            ||     3
   Cast: Sting             ||    42
    Use: Potion            ||     1
 Armour: Robe              ||     3
  Dodge: Dodged            ||    13

Illustrated notes

Table legend:
 A = Kills in this place as a percentage of kills in the entire game.
 B = Kills by you in this place as a percentage of kills by you in the entire game.
 C = Kills by friends in this place as a percentage of kills by friends in the entire game.
 D = Other kills in this place as a percentage of other kills in the entire game.
 E = Experience gained in this place as a percentage of experience gained in the entire game.
 F = Experience gained in this place divided by the number of levels of this place that you have seen.
                   A       B       C       D       E      F
               +-------+-------+-------+-------+-------+----------------------
         Total | 100.0 | 100.0 |   N/A |   N/A | 100.0 |  20.0
       Dungeon | 100.0 | 100.0 |   N/A |   N/A | 100.0 |  20.0
               +-------+-------+-------+-------+-------+----------------------

Table legend: (Time is in decaauts)
 A = Elapsed time spent in this place.
 B = Non-inter-level travel time spent in this place.
 C = Inter-level travel time spent in this place.
 D = Time resting spent in this place.
 E = Time spent auto-exploring this place.
 F = Levels seen in this place.
 G = Mean time per level.
                   A        B        C        D        E       F      G
               +--------+--------+--------+--------+--------+-----+--------+
         Total |   1071 |   1061 |     10 |     97 |    825 |   2 |  535.5 |
       Dungeon |   1071 |   1061 |     10 |     97 |    825 |   2 |  535.5 |
               +--------+--------+--------+--------+--------+-----+--------+

Top non-repeatable levels by time:
     D:1: 881 daAuts
     D:2: 190 daAuts
